 Dungeon Crawl Stone Soup version 0.32-a0-35-gd9ff480968 (webtiles) character file.

Game seed: 17848783962777214895

304 BoratNorad the Chopper (level 6, -2/52 (56) HPs)
             Began as a Hill Orc Fighter on Jan 21, 2024.
             Killed by divine providence
             ... invoked by Jeremiah
              (15 damage)
             ... on level 6 of the Dungeon on Feb 4, 2024.
             The game lasted 00:12:22 (2438 turns).

BoratNorad the Chopper (Hill Orc Fighter)           Turns: 2438, Time: 00:12:22

HP:   -2/52 (56)    AC:  7    Str: 21    XL:     6   Next: 38%
MP:   6/6           EV: 14    Int: 14    God:
Gold: 191           SH:  4    Dex: 10    Spells: 5/5 levels left

rFire   . . .        a - +0 war axe
rCold   . . .        c - +0 buckler
rNeg    . . .        b - +0 scale mail
rPois   .            e - melded +1 helmet
rElec   .            q - melded +0 cloak
rCorr   .            (gloves currently unavailable)
SInv    .            p - melded +0 pair of boots
Will    .....        (no amulet) Stlth
                     t - +5 ring of evasion
HPRegen 0.28/turn    o - +6 ring of intelligence
MPRegen 0.10/turn

%: no passive effects
@: beast-form, drained
A: beast (slay +0)
a: Begin Untransformation


You were on level 6 of the Dungeon.
You were a hulking beast.
You visited 1 branch of the dungeon, and saw 6 of its levels.

You collected 191 gold pieces.

Inventory:

Hand Weapons
 a - a +0 war axe (weapon)
 i - a +0 sling
 w - a +4 quarterstaff of chaos
 x - a +0 hammer
Missiles
 k - 51 stones (quivered)
 u - 5 poisoned darts
Armour
 b - a +0 scale mail (worn)
 c - a +0 buckler (worn)
 e - a +1 helmet (melded)
 p - a +0 pair of boots (melded)
 q - a +0 cloak (melded)
Jewellery
 f - a ring of willpower
 n - a ring of resist corrosion
 o - a +6 ring of intelligence (right hand)
 s - a ring of flight
 t - a +5 ring of evasion (left hand)
 z - a ring of flight
 G - an amulet of reflection
 H - an amulet of guardian spirit
Talismans
 h - a blade talisman
 E - a beast talisman (active)
Wands
 y - a wand of flame (16)
Scrolls
 g - a scroll of immolation {unknown}
 r - a scroll of fog {unknown}
 B - a scroll of fear {unknown}
 C - a scroll of identify {unknown}
 D - a scroll of torment {unknown}
Potions
 d - a potion of might
 j - a potion of haste {unknown}
 l - a potion of degeneration {unknown}
 m - 2 potions of heal wounds {unknown}
 v - a potion of enlightenment {unknown}
 A - a potion of curing {unknown}
 F - a potion of attraction {unknown}


   Skills:
 + Level 5.0 Fighting
 + Level 6.1 Axes
 + Level 4.1 Armour
 + Level 0.6 Dodging
 + Level 3.9 Shields
 + Level 0.9 Shapeshifting


You had 5 spell levels left.
You didn't know any spells.
Your spell library contained the following spells:

 Spells                   Type           Power      Damage    Failure   Level
 Magic Dart               Conj           0%         1d3       67%         1
 Cigotuvi's Dreadful Rot  Necr/Alch/Air  0%         N/A       80%         2
 Searing Ray              Conj           0%         2d4       80%         2
 Tukima's Dance           Hex            0%         N/A       95%         3
 Dimensional Bullseye     Hex/Tloc       0%         N/A       100%        4
 Dispel Undead            Necr           0%         3d6       100%        4
 Fulminant Prism          Conj/Alch      0%         3d5       100%        4
 Iskenderun's Mystic Bla  Conj/Tloc      0%         2d3       100%        4
 Martyr's Knell           Necr/Summ      0%         N/A       100%        4
 Death Channel            Necr           0%         N/A       100%        6


Dungeon Overview and Level Annotations

Branches:
Dungeon (6/15)
 Temple: D:4-7

Altars:
Zin

Annotations:
D:6 Jeremiah


Message History

Your Axes skill increases to level 6!
The butterfly disappears in a burst of colours!
The butterfly disappears in a burst of colours!
You barely miss the butterfly.
The butterfly disappears in a burst of colours!
You barely miss the butterfly.
The butterfly disappears in a burst of colours!
Jeremiah lets out a twisted cry.
Something smites you!
* * * LOW HITPOINT WARNING * * *
You miss the butterfly.
The butterfly disappears in a burst of colours! x3
You barely miss the butterfly. x2
The butterfly disappears in a burst of colours! x3
You closely miss the butterfly.
The butterfly disappears in a burst of colours! x2
You completely miss the butterfly.
The butterfly disappears in a burst of colours! x3
You miss the butterfly. You completely miss the butterfly.
The butterfly disappears in a burst of colours! x2
You closely miss the butterfly.
The butterfly disappears in a burst of colours! x2
You miss the butterfly.
The butterfly disappears in a burst of colours!
You hit the butterfly.
You kill the butterfly!
The butterfly disappears in a burst of colours! x4
Jeremiah says, "I don't want to hurt you.
Just - go!
Run!"
You slash the butterfly!
You kill the butterfly!
The butterfly disappears in a burst of colours!
You closely miss the butterfly.
The butterfly disappears in a burst of colours! x5
Jeremiah hops!
You miss the butterfly.
Jeremiah cries, "Fearful master, protect me!"
Something smites you!
You die...
Jeremiah says, "O terrible one, your will is done."

#.#.. #.#
.....##.##
..#.bF..#
...#bb.##
#.bb.b.##
#bb..b..#
#..b....#
#..b.h..#.#
#.bb..$...#
##....#####
## #.##.#
$...###.##.#
#.........#
#.####<####
........#
##.######


You could see Jeremiah.

Vanquished Creatures
  A bombardier beetle (D:5)
  A hound (D:4)
  Crazy Yiuf (D:2)
  An iguana (D:5)
  A sleepcap (D:6)
  8 adders
  A white imp (D:4)
  3 dart slugs (D:1)
  2 ribbon worms
  2 orcs
  5 ball pythons
  6 bats
  5 endoplasms
  2 giant cockroaches
  2 goblins
  3 hobgoblins
  3 jackals (D:2)
  6 quokkas
  2 frilled lizards (D:1)
  11 kobolds
  3 rats
69 creatures vanquished.

Notes
Turn   | Place    | Note
-------+----------+-------------------------------------------
     0 | D:1      | BoratNorad the Hill Orc Fighter began the quest for the
                  | Orb.
     0 | D:1      | Reached XP level 1. HP: 19/19 MP: 1/1
    89 | D:1      | Reached XP level 2. HP: 25/27 MP: 2/2
   320 | D:1      | Reached skill level 3 in Axes
   367 | D:1      | Reached XP level 3. HP: 33/33 MP: 3/3
   802 | D:2      | Reached XP level 4. HP: 40/41 MP: 4/4
   838 | D:2      | Reached skill level 4 in Axes
  1306 | D:2      | Found a runed translucent door.
  1307 | D:2      | Noticed Crazy Yiuf
  1323 | D:2      | Killed Crazy Yiuf
  1324 | D:2      | Reached skill level 5 in Axes
  1324 | D:2      | Reached XP level 5. HP: 4/47 MP: 5/5
  1856 | D:3      | Found a glowing silver altar of Zin.
  2220 | D:5      | Entered Level 5 of the Dungeon
  2246 | D:5      | Reached skill level 5 in Fighting
  2246 | D:5      | Reached XP level 6. HP: 49/56 MP: 6/6
  2392 | D:6      | Noticed Jeremiah
  2423 | D:6      | Reached skill level 6 in Axes
  2438 | D:6      | Killed from afar by Jeremiah

Illustrated notes

Levels and vault maps discovered:
D:1:      ebering_hopf_link, layout_basic, nrook_loot_triangle,
          nicolae_figureground_pulse
D:2:      layout_loops_ring, minmay_domino_4, uniq_crazy_yiuf_cottage
D:3:      layout_basic, lemuel_doored_altar
D:4:      layout_basic, nicolae_overflow_hallway_of_the_gods, serial_bayou,
          serial_bayou_ford_a, serial_bayou_pond_c, serial_bayou_lake_a,
          serial_bayou_pond_e
D:5:      layout_loops_ring
D:6:      layout_loops_ring, minmay_temple_entry_sparse_star, uniq_pikel,
          uniq_jeremiah, uniq_edmund, uniq_duvessa

Skill      XL: |  1  2  3  4  5  6 |
---------------+-------------------+-----
Fighting       | 4 5 |  5.0
Axes           | 3 5 6 |  6.1
Armour         | 4 |  4.1
Dodging        | |  0.6
Shields        | |  3.9
Shapeshifting  | |  0.9

Action                     |  1- 3 |  4- 6 || total
---------------------------+-------+-------++-------
  Melee: War axe           |   107 |   148 ||   255
 Armour: Scale mail        |    92 |    76 ||   168
  Dodge: Dodged            |    62 |    76 ||   138
  Block: Buckler           |    28 |    32 ||    60
   Form: Beast             |       |     1 ||     1

Table legend: (Time is in decaauts)
 A = Elapsed time spent in this place.
 B = Non-inter-level travel time spent in this place.
 C = Inter-level travel time spent in this place.
 D = Time resting spent in this place.
 E = Time spent auto-exploring this place.
 F = Levels seen in this place.
 G = Mean time per level.
                   A        B        C        D        E       F      G
               +--------+--------+--------+--------+--------+-----+--------+
         Total |   2516 |   2253 |    263 |      0 |   1589 |   6 |  419.3 |
       Dungeon |   2516 |   2253 |    263 |      0 |   1589 |   6 |  419.3 |
               +--------+--------+--------+--------+--------+-----+--------+

Top non-repeatable levels by time:
     D:2: 892 daAuts
     D:1: 786 daAuts
     D:3: 483 daAuts
     D:5: 176 daAuts
     D:4: 125 daAuts
     D:6: 52 daAuts
